AoeStats
← L_S_D_D_S_L

Arabia

509609866Analyzed
1v1 RM · 6d ago on Sep 27, 2026· 70m 17s· 2 players
Game mode
Random Map
Map size
Tiny (2 player)
Population
200
Speed
Normal
Resources
Standard
Victory
Conquest
Starting age
Dark Age
Ending age
Imperial Age
RankedLock teamsTeams togetherTeam positionsShared explorationLock speedFull tech treeHidden civsTurbo modeCheats
Victory
Defeat
🇮🇹 Varangians · Italy
854
+14
🇸🇪 Mongols · Sweden
806
-14
Bob_saget99
11:34 Feudal Age
16:54 Castle Age
16:07 Gold Mining
16:07 Double-Bit Axe
17:57 Horse Collar
20:42 Fletching
20:52 Padded Archer Armor
22:11 Bow Saw
23:05 Leather Archer Armor
25:40 Bodkin Arrow
26:28 Guard Tower
27:31 Wheelbarrow
27:31 Ballistics
30:26 Gold Shaft Mining
38:13 Imperial Age
38:24 Elite Mangudai
39:06 Bracer
40:43 Hand Cart
40:55 Scale Barding Armor
48:51 Chain Barding Armor
54:45 Siege Engineers
69:31 Forging
69:15 Light Cavalry
70:01 Husbandry
70:14 Bloodlines
L_S_D_D_S_L
4:23 Loom
9:36 Feudal Age
10:29 Double-Bit Axe
10:27 Horse Collar
18:58 Castle Age
18:27 Bloodlines
19:41 Forging
21:44 Fletching
22:17 Husbandry
23:20 Bow Saw
24:17 Heavy Plow
26:52 Scale Barding Armor
29:23 Wheelbarrow
31:31 Hand Cart
36:06 Imperial Age
35:09 Iron Casting
35:29 Bodkin Arrow
35:55 Chain Barding Armor
39:07 Plate Barding Armor
39:03 Conscription
39:22 Gold Mining
39:42 Onager
41:53 Two-Man Saw
41:26 Crop Rotation
40:46 Town Watch
41:20 Siege Engineers
41:22 Vendel Legacy
43:39 Chemistry
44:13 Bracer
44:39 Ballistics
46:19 Light Cavalry
47:41 Hussar
49:49 Blast Furnace
48:50 Padded Archer Armor
64:21 Elite Jarl
68:30 Town Patrol
Connection lost

Rejoining the realm…

Still unreachable

The connection could not be restored.

Session expired

The server has moved on; the page needs a fresh start.